 Dungeon Crawl Stone Soup version 0.28-a0-1389-gc726bef33b (webtiles) character file.

Game seed: 12997704714741059424

543 flotson the Chopper (level 7, -1/54 HPs)
             Began as a Demonspawn Gladiator on Jan 4, 2022.
             Slain by an ogre (18 damage)
             ... on level 5 of the Dungeon.
             The game lasted 00:06:52 (4694 turns).

flotson the Chopper (Demonspawn Gladiator)          Turns: 4694, Time: 00:06:53

Health: -1/54      AC:  8    Str: 16    XL:     7   Next: 6%
Magic:  0/7        EV: 12    Int:  9    God:
Gold:   33         SH:  0    Dex: 15    Spells: 6/6 levels left

rFire   . . .      SeeInvis .   a - +0 war axe (flame)
rCold   . . .      Faith    .   o - orb {mayhem}
rNeg    . . .      Spirit   +   l - +0 ring mail
rPois   .          Reflect  .   c - +0 helmet
rElec   .          Harm     .   b - scarf {shadows}
rCorr   .          Rampage  .   s - +0 pair of gloves
Will    +....                   (no boots)
Stlth   +.........              (no amulet)
HPRegen 0.18/turn               n - ring of willpower
MPRegen 0.20/turn               (no ring)

@: no status effects
A: rugged brown scales 1, foul stench 2, magic shield, magic regeneration
a: no special abilities


You were on level 5 of the Dungeon.
You visited 1 branch of the dungeon, and saw 5 of its levels.

You collected 165 gold pieces.
You spent 132 gold pieces at shops.

Inventory:

Hand Weapons
 a - a +0 war axe of flaming (weapon)
Missiles
 d - 3 throwing nets (quivered)
 u - 6 javelins
 w - 6 poisoned darts
Armour
 b - a scarf of shadows (worn)
 c - a +0 helmet (worn)
 l - a +0 ring mail (worn)
 o - an orb of mayhem (worn)
 s - a +0 pair of gloves (worn)
Jewellery
 n - a ring of willpower (left hand)
Scrolls
 e - 2 scrolls of teleportation {unknown}
 f - 2 scrolls of enchant armour {unknown}
 g - 4 scrolls of identify {unknown}
 h - a scroll of summoning {unknown}
 i - a scroll of vulnerability {unknown}
 m - a scroll of torment {unknown}
 p - a scroll of acquirement {unknown}
 q - a scroll of fog {unknown}
 r - a scroll of immolation {unknown}
 t - 2 scrolls of enchant weapon {unknown}
Potions
 k - 2 potions of attraction {unknown}
 v - 2 potions of ambrosia {unknown}
 x - 2 potions of curing
 z - a potion of brilliance {unknown}
 A - a potion of flight
 B - a potion of heal wounds


   Skills:
 + Level 3.7 Fighting
 + Level 4.1 Axes
 + Level 3.4 Throwing
 + Level 2.8 Armour
 + Level 4.0 Dodging


You had 6 spell levels left.
You didn't know any spells.
Your spell library contained the following spells:

 Spells                   Type           Power      Damage    Failure   Level
 Animate Skeleton         Necr           0%         N/A       58%         1
 Magic Dart               Conj           0%         1d3       58%         1
 Pain                     Necr           0%         1d4       58%         1
 Sandblast                Erth           0%         2d4       58%         1
 Passwall                 Tmut/Erth      0%         N/A       75%         2
 Searing Ray              Conj           0%         2d4       75%         2
 Stone Arrow              Conj/Erth      0%         3d7       92%         3
 Vampiric Draining        Necr           0%         2d6       92%         3
 Fulminant Prism          Conj/Hex       0%         3d6       100%        4


Dungeon Overview and Level Annotations

Branches:
Dungeon (5/15)
 Temple: D:4-7

Altars:

Shops:
D:2 =   D:5 !

Annotations:
D:3 2 transporters, Clumpoid's ghost, amateur TrMo
D:4 3 runed translucent doors, senyk's ghost, amateur DjTm


Innate Abilities, Weirdness & Mutations

You are partially covered in rugged brown scales. (AC +1, +3% HP)
You sometimes emit foul miasma when damaged in melee.
When hurt, damage is shared between your health and your magic reserves.
You regenerate magic rapidly.


Message History

You now have 33 gold pieces (gained 12).
An ogre comes into view. It is wielding a +0 giant club.
The ogre shouts!
You hear an angry hiss.
An iguana comes into view.
The ogre barely misses you.
You hit the ogre. You burn the ogre.
The ogre is lightly wounded.
An adder skeleton comes into view.
The ogre hits you with a +0 giant club!
You slash the ogre! You burn the ogre.
The ogre is severely wounded.
The ogre hits you with a +0 giant club!
You are too injured to fight recklessly!
You are too injured to fight recklessly!
You are too injured to fight recklessly!
You are too injured to fight recklessly!
Unknown command.
There is an open door here.
You hit the iguana. You burn the iguana.
The iguana is heavily wounded.
The iguana bites you.
You barely miss the iguana.
The iguana is heavily wounded.
The iguana bites you! The iguana bites you.
* * * LOW HITPOINT WARNING * * *
You emit a cloud of foul miasma!
You completely miss the iguana.
The iguana is heavily wounded.
The iguana is engulfed in dark miasma.
The iguana is poisoned.
The iguana barely misses you.
You hit the iguana. You burn the iguana.
The iguana is severely wounded.
The iguana is engulfed in dark miasma.
The iguana looks even sicker.
You kill the iguana!
The ogre flies into a frenzy!
The ogre hits the adder skeleton with a +0 giant club!!!
The adder skeleton is destroyed!
The ogre is engulfed in dark miasma.
The ogre is poisoned.
The ogre hits you with a +0 giant club!!
You die...

#.........Z.'..+
#.........O.#†##
#+###...........#.# #
.............####.# #
.............# #.# #
.........##### #.# .. #
.........# ###.#####.. #
#####.#+#######.O.......#
###### ...
......@........ ......
###.
######.###...##########
#.
######.###.#####......#
..
...............'......#
......##########......#
#####. #....... #.
#....... #. #######. ..
##


You could see a neutral ogre (fast, strong, insane, poisoned).

Vanquished Creatures
  3 ogres
  A water moccasin skeleton (D:4)
  A centaur zombie (D:5)
  A hound (D:5)
  An iguana (D:5)
  A hound skeleton (D:4)
  4 adders
  A howler monkey skeleton (D:4)
  An ufetubus (D:5)
  2 adder skeletons (D:4)
  3 dart slugs
  4 orcs
  8 endoplasms
  4 giant cockroaches
  2 goblins
  5 hobgoblins
  2 jackals (D:2)
  7 kobolds
  3 quokkas
  6 ball pythons
  4 bats
  5 frilled lizards
  5 rats
74 creatures vanquished.

Vanquished Creatures (collateral kills)
  An adder skeleton (D:5)
  3 orcs (D:3)
  A goblin (D:4)
5 creatures vanquished.

Grand Total: 79 creatures vanquished

Notes
Turn   | Place    | Note
-------+----------+-------------------------------------------
     0 | D:1      | flotson the Demonspawn Gladiator began the quest for the
                  | Orb.
     0 | D:1      | Reached XP level 1. HP: 16/16 MP: 1/1
   291 | D:1      | Gained mutation: You are partially covered in rugged brown
                  | scales. (AC +1, +3% HP) [demonic ancestry]
   291 | D:1      | Reached XP level 2. HP: 14/22 MP: 2/2
  1156 | D:2      | Gained mutation: You may rarely emit foul miasma when
                  | damaged in melee. [demonic ancestry]
  1156 | D:2      | Reached XP level 3. HP: 27/28 MP: 3/3
  1219 | D:2      | Reached skill level 1 in Armour
  1473 | D:2      | Found a faded altar of an unknown god.
  1858 | D:2      | Found Haapyin's Jewellery Shoppe.
  2285 | D:3      | Found a transporter.
  2289 | D:3      | Noticed Clumpoid's ghost (amateur TrMo)
  2292 | D:3      | Noticed an ogre
  2302 | D:3      | Killed an ogre
  2303 | D:3      | Gained mutation: You regenerate magic rapidly. [demonic
                  | ancestry]
  2303 | D:3      | Reached XP level 4. HP: 9/35 MP: 4/4
  2549 | D:3      | Found a transporter.
  2563 | D:3      | Reached XP level 5. HP: 40/41 MP: 5/5
  3336 | D:4      | Noticed a black bear
  3337 | D:4      | Noticed senyk's ghost (amateur DjTm)
  3345 | D:4      | Found a runed translucent gate.
  3345 | D:4      | Found a runed translucent gate.
  3353 | D:4      | Found a runed translucent gate.
  3620 | D:4      | Gained mutation: You sometimes emit foul miasma when
                  | damaged in melee. [demonic ancestry]
  3620 | D:4      | Reached XP level 6. HP: 47/48 MP: 6/6
  3966 | D:5      | Entered Level 5 of the Dungeon
  4316 | D:5      | Gained mutation: When hurt, damage is shared between your
                  | health and your magic reserves. [demonic ancestry]
  4316 | D:5      | Reached XP level 7. HP: 34/54 MP: 7/7
  4596 | D:5      | Found Ishianuot's Distillery.
  4603 | D:5      | Bought a potion of curing for 33 gold pieces
  4603 | D:5      | Bought a potion of degeneration for 11 gold pieces
  4603 | D:5      | Bought a potion of flight for 33 gold pieces
  4603 | D:5      | Bought a potion of heal wounds for 55 gold pieces
  4694 | D:5      | Slain by an ogre

Illustrated notes

Levels and vault maps discovered:
D:1:      saegor_arrival_miasma, layout_basic
D:2:      layout_basic, serial_shops, shop, hellmonk_ecumenical_altar_zigzags
D:3:      layout_rooms, gammafunk_ghost_stat_death
D:4:      layout_loops_ring, gammafunk_ghost_split
D:5:      layout_basic, serial_shops, nicolae_shop_trees

Skill      XL: |  1  2  3  4  5  6 |
---------------+-------------------+-----
Throwing       | 2 3 |  3.4
Axes           | 3 4 |  4.1
Armour         | 1 2 |  2.8
Dodging        | 3 4 |  4.0
Fighting       | 3 |  3.7

Action                   |  1- 3 |  4- 6 |  7- 9 || total
-------------------------+-------+-------+-------++-------
Melee: War axe           |   118 |    98 |     6 ||   222
Throw: Throwing net      |     1 |     1 |       ||     2
Armor: Leather armour    |    32 |       |       ||    32
       Ring mail         |     4 |    55 |       ||    59
Dodge: Dodged            |    73 |    92 |     2 ||   167

Table legend: (Time is in decaauts)
 A = Elapsed time spent in this place.
 B = Non-inter-level travel time spent in this place.
 C = Inter-level travel time spent in this place.
 D = Time resting spent in this place.
 E = Time spent auto-exploring this place.
 F = Levels seen in this place.
 G = Mean time per level.
                   A        B        C        D        E       F      G
               +--------+--------+--------+--------+--------+-----+--------+
         Total |   4766 |   4689 |     77 |      0 |   4042 |   5 |  953.2 |
       Dungeon |   4766 |   4689 |     77 |      0 |   4042 |   5 |  953.2 |
               +--------+--------+--------+--------+--------+-----+--------+

Top non-repeatable levels by time:
     D:1: 1145 daAuts
     D:3: 1106 daAuts
     D:2: 900 daAuts
     D:4: 878 daAuts
     D:5: 735 daAuts
